 Dungeon Crawl Stone Soup version 0.31-a0-237-g2d982f9f85 (webtiles) character file.

Game seed: 14011891512915321768

30 qw the Shooter (level 3, 0/21 HPs)
             Began as a Gargoyle Hexslinger on July 10, 2023.
             Slain by Terence
             ... wielding a +0 falchion
              (8 damage)
             ... on level 1 of the Dungeon.
             The game lasted 00:00:21 (894 turns).

qw the Shooter (Gargoyle Hexslinger)                 Turns: 894, Time: 00:00:21

Health: 0/21       AC:  5    Str: 11    XL:     3   Next: 20%
Magic:  4/4        EV: 12    Int: 13    God:
Gold:   9          SH:  5    Dex: 14    Spells: 3/4 levels left

rFire   . . .        Y - +1 sling
rCold   . . .        (no shield)
rNeg    + . .        c - +0 robe
rPois   inf          (no helmet)
rElec   +            (no cloak)
rCorr   .            (no gloves)
SInv    .            (no boots)
Will    .....        e - amulet of reflection
Stlth   +            (no ring)
HPRegen 0.23/turn    (no ring)
MPRegen 0.09/turn

%: reflection
@: no status effects
A: sickness immunity, AC +3, negative energy resistance 1, electricity
resistance, torment resistance 1, petrification resistance
a: no special abilities


You were on level 1 of the Dungeon.
You visited 1 branch of the dungeon, and saw 2 of its levels.

You collected 57 gold pieces.
You spent 48 gold pieces at shops.


Innate Abilities, Weirdness & Mutations

You are immune to sickness and miasma.
Your stone body is resilient. (AC +3)
You are immune to poison.
You resist negative energy. (rN+)
You are resistant to electric shocks. (rElec)
You are resistant to unholy torment.
You are immune to petrification.


   Skills:
 - Level 2.0 Fighting
 + Level 3.2 Ranged Weapons
 - Level 1.5 Dodging
 - Level 1.0 Spellcasting
 - Level 2.6 Hexes


You had 3 spell levels left.
You knew the following spells:

 Your Spells              Type           Power      Damage    Failure   Level
a - Slow                  Hex            28%        N/A       10%         1

Your spell library contained the following spells:

 Spells                   Type           Power      Damage    Failure   Level
 Inner Flame              Hex/Fire       4%         N/A       43%         3
 Portal Projectile        Hex/Tloc       8%         N/A       43%         3
 Cause Fear               Hex            3%         N/A       67%         4

Inventory:

Hand Weapons
 Y - a +1 sling (weapon)
Armour
 c - a +0 robe (worn)
Jewellery
 e - an amulet of reflection (around neck)
Scrolls
 d - 3 scrolls of identify

Dungeon Overview and Level Annotations

Branches:
Dungeon (2/15)

Altars:

Shops:
D:1 ?

Annotations:
D:1 Terence


Message History

There is a stone staircase leading down here.
You climb downwards.
Found 18 gold pieces.
There is a stone staircase leading up here.
There are monsters nearby!
Waypoint 1 assigned to D:2.
You shoot a sling bullet. The sling bullet hits Terence.
Terence is lightly wounded.
The adder hisses angrily.
You shoot a sling bullet.
The sling bullet hits Terence but does no damage.
Terence is lightly wounded.
You shoot a sling bullet.
The sling bullet hits Terence but does no damage.
Terence is lightly wounded.
You shoot a sling bullet. The sling bullet hits Terence.
Terence is moderately wounded.
The adder closely misses you. Terence hits you with a +0 falchion.
The adder bites you but does no damage. You block Terence's attack.
890 ||| STAIRDANCE The adder bites you but does no damage.
Terence hits you with a +0 falchion.
You climb upwards.
There is a stone staircase leading down here.
Enter note:
Enter note:
Enter note:
Enter note:
Enter note:
Enter note: You shoot a sling bullet.
The sling bullet closely misses Terence.
You block the adder's attack. The adder misses you.
Terence hits you with a +0 falchion!
You shoot a sling bullet.
The sling bullet hits Terence but does no damage.
Terence is moderately wounded.
The adder bites you but does no damage. You block Terence's attack.
You shoot a sling bullet. The sling bullet barely misses Terence.
The adder closely misses you. Terence hits you with a +0 falchion!
You die...

#.#..#######....#
#.#..........##.#
#.###.#########.########
#.............%.........
############.#########.########
#..........#.######.......#
##########.#........###.#.#
######.#####....# #.#.#
#........@@.....# #.#.#
#.####.###S.....###.#.#
#.##..............#.#.#
#.##.#.###........#.#.#
#.##.#.# #..........#.#####
#####.#....# #.#...............
#........#.# #.#..#.###.#######
###.#.#.######.#..#.###.####
#.#..........#......#....##


You could see Terence and an adder.

Vanquished Creatures
  A dart slug (D:1)
  3 bats (D:1)
  5 endoplasms (D:1)
  2 giant cockroaches (D:1)
  A goblin (D:1)
  3 hobgoblins (D:1)
  A kobold (D:1)
  A quokka (D:1)
  3 ball pythons (D:1)
  2 frilled lizards (D:1)
  3 rats (D:1)
25 creatures vanquished.

Notes
Turn   | Place    | Note
-------+----------+-------------------------------------------
     0 | D:1      | qw the Gargoyle Hexslinger began the quest for the Orb.
     0 | D:1      | Reached XP level 1. HP: 12/12 MP: 2/2
     0 | D:1      | 0 ||| qw: Version: 0.3-a-52-g30416fa
     0 | D:1      | 0 ||| qw: Game counter: 5052
     0 | D:1      | 0 ||| qw: Melee chars always use a shield: true
     0 | D:1      | 0 ||| qw: God list: Okawaru
     0 | D:1      | 0 ||| qw: Allow faded altars: false
     0 | D:1      | 0 ||| qw: Do Orc after clearing Dungeon:15 true
     0 | D:1      | 0 ||| qw: Do second Lair branch before Depths: true
     0 | D:1      | 0 ||| qw: Lair rune preference: random
     0 | D:1      | 0 ||| qw: Goals: Normal
     0 | D:1      | 0 ||| PLANNING D:1-11
    94 | D:1      | Reached XP level 2. HP: 16/16 MP: 3/3
   172 | D:1      | Reached skill level 3 in Ranged Weapons
   414 | D:1      | Found Xaruiq's Magic Scroll Boutique.
   416 | D:1      | Reached XP level 3. HP: 21/21 MP: 4/4
   422 | D:1      | 422 ||| BUYING scroll of identify (24 gold).
   422 | D:1      | Bought a scroll of identify for 24 gold pieces
   422 | D:1      | 422 ||| BUYING scroll of identify (24 gold).
   422 | D:1      | Bought a scroll of identify for 24 gold pieces
   422 | D:1      | 422 ||| SHOPLISTING scroll of teleportation (36 gold, have
                  | 9).
   852 | D:1      | 852 ||| UPGRADING to amulet of reflection.
   857 | D:1      | 857 ||| READING scroll labelled LIWNOS LUCZEFE.
   862 | D:1      | 862 ||| READING 4 scrolls of identify.
   862 | D:1      | 862 ||| IDENTIFYING coppery potion
   863 | D:1      | 863 ||| DROPPING scroll of poison.
   864 | D:1      | 864 ||| DROPPING potion of attraction.
   885 | D:2      | Noticed Terence
   890 | D:2      | 890 ||| STAIRDANCE
   894 | D:1      | Slain by Terence

Levels and vault maps discovered:
D:1:      dpeg_arrival_rooms_b, layout_basic, serial_shops, shop
D:2:      wander_river, layout_loops_corners, serial_aquarium,
          aquarium_bridge_straight [aquarium_subvault_bridge,
          aquarium_subvault_window, aquarium_subvault_bridge,
          aquarium_subvault_balcony], aquarium_window_1, aquarium_window_corner,
          aquarium_window_fake, aquarium_window_2, aquarium_view_2d,
          aquarium_view_2c, serial_shops, nicolae_shop_tiny_waterfront,
          uniq_robin, uniq_sigmund, uniq_terence

Skill      XL: |  1  2  3 |
---------------+----------+-----
Ranged Weapons | 3 |  3.2
Fighting       | 2 |  2.0
Dodging        | |  1.5
Spellcasting   | |  1.0
Hexes          | |  2.6

Action                     || total
---------------------------++-------
   Fire: Sling             ||    79
    Use: Scroll            ||     2
 Armour: Robe              ||     6
  Dodge: Dodged            ||    18
  Block: Other             ||     3

Table legend:
 A = Non-vault XP
 B = Vault XP
 C = Vault XP percentage of total XP
 D = Non-vault monster count
 E = Vault monster count
 F = Vault count percentage of total count
                 A         B        C        D         E       F
            +---------+---------+-------+---------+---------+-------
      Total |      44 |       0 |   0.0 |      25 |       0 |   0.0
            +---------+---------+-------+---------+---------+-------
        D:1 |      44 |       0 |   0.0 |      25 |       0 |   0.0
            +---------+---------+-------+---------+---------+-------
